 Dungeon Crawl Stone Soup version 0.23.2-33-g5129a83184 (webtiles) character file.

Game seed: 1805184942062006152

78 Derp the Skirmisher (level 4, -1/37 HPs)
             Began as a Demonspawn Berserker on July 15, 2019.
             Was a Believer of Trog.
             Slain by a gnoll
             ... wielding a +0 halberd
              (5 damage)
             ... on level 3 of the Dungeon.
             The game lasted 00:04:07 (1674 turns).

Derp the Skirmisher (Demonspawn Berserker)          Turns: 1674, Time: 00:04:08

Health: -1/37      AC:  5    Str: 23    XL:     4   Next: 15%
Magic:  4/4        EV: 11    Int:  9    God:    Trog [**....]
Gold:   171        SH:  0    Dex: 12    Spells: 3/3 levels left

rFire    + . .     SeeInvis .   a - +0 hand axe
rCold    . . .     Gourm    .   (no shield)
rNeg     . . .     Faith    .   j - +0 ring mail
rPois    .         Spirit   .   (no helmet)
rElec    .         Reflect  .   (no cloak)
rCorr    .         Harm     .   (no gloves)
MR       .....                  (no boots)
Stlth    ..........             (no amulet)
HPRegen  0.12/turn              (no ring)
MPRegen  0.09/turn              (no ring)

@: mighty
A: hooves 1, fire resistance 1, powered by pain 1
a: Berserk, Trog's Hand, Renounce Religion


You were on level 3 of the Dungeon.
You worshipped Trog.
Trog was pleased with you.
You were not hungry.

You visited 1 branch of the dungeon, and saw 3 of its levels.

You collected 171 gold pieces.

Inventory:

Hand Weapons
 a - a +0 hand axe (weapon)
Armour
 b - a +0 animal skin
 j - a +0 ring mail (worn)
Jewellery
 d - an uncursed ring of see invisible {unknown}
 l - a +2 ring of dexterity {unknown}
Scrolls
 e - a scroll of fear {unknown}
 h - 3 scrolls of remove curse {unknown}
 i - 6 scrolls of identify {unknown}
Potions
 f - 2 potions of degeneration {unknown}
 g - 2 potions of lignification {unknown}
 k - a potion of heal wounds {unknown}
Comestibles
 c - 2 rations


   Skills:
 + Level 3.9 Fighting
 + Level 3.6 Axes
 + Level 1.9 Armour
 + Level 2.1 Dodging
 + Level 0.4 Stealth


You had 3 spell levels left.
You didn't know any spells.
Your spell library was empty.

Dungeon Overview and Level Annotations

Branches:
Dungeon (3/15)

Altars:


Innate Abilities, Weirdness & Mutations

You have large cloven feet.
Your flesh is heat resistant. (rF+)
You sometimes gain a little power by taking damage.


Message History

Found a robe.
A gnoll comes into view. It is wielding a +0 halberd.
The gnoll shouts!
A gnoll comes into view. It is wielding a -1 halberd.
The gnoll moves out of view.
A gnoll comes into view. It is wielding a +0 spear.
A worm comes into view.
The gnoll shouts!
There is a stone staircase leading down here.
The gnoll closely misses you. The gnoll misses you.
The gnoll hits you from afar with a +0 spear!
You focus on the pain.
You feel very mighty all of a sudden. The gnoll barely misses you.
You see here a golden ring.
The gnoll hits you from afar with a +0 halberd!
The gnoll hits you with a cursed -1 halberd!
* * * LOW HITPOINT WARNING * * *
The gnoll hits you with a +0 halberd.
You die...

# ..# #...###
#...g #..wg#####
#g@...#
...####>..#
...?[.....#
.######...#
.######...######
................
########...####
#...# #...#


You could see a worm and 3 gnolls.

Vanquished Creatures
  2 adders (D:2)
  An ooze (D:2)
  2 dart slugs
  A leopard gecko (D:1)
  2 ball pythons (D:1)
  2 bats
  3 giant cockroaches
  6 goblins
  5 hobgoblins
  6 jackals (D:2)
  4 frilled lizards
  7 kobolds
  7 rats
48 creatures vanquished.

Notes
Turn   | Place    | Note
-------+----------+-------------------------------------------
     0 | D:1      | Derp the Demonspawn Berserker began the quest for the Orb.
     0 | D:1      | Reached XP level 1. HP: 18/18 MP: 1/1
   170 | D:1      | Gained mutation: You sometimes gain a little power by
                  | taking damage. [demonic ancestry]
   170 | D:1      | Reached XP level 2. HP: 15/24 MP: 2/2
   759 | D:2      | Reached ** piety under Trog
   759 | D:2      | Gained mutation: You have large cloven feet. [demonic
                  | ancestry]
   759 | D:2      | Reached XP level 3. HP: 19/29 MP: 3/3
  1399 | D:2      | Gained mutation: Your flesh is heat resistant. (rF+)
                  | [demonic ancestry]
  1399 | D:2      | Reached XP level 4. HP: 34/37 MP: 4/4
  1674 | D:3      | Slain by a gnoll

Skill      XL: |  1  2  3 |
---------------+----------+-----
Axes           | 3 |  3.6
Dodging        | 2 |  2.1
Fighting       | |  3.9
Armour         | |  1.9
Stealth        | |  0.4

Action                   |  1- 3 |  4- 6 || total
-------------------------+-------+-------++-------
Melee: Hand axe          |   139 |    14 ||   153
       Kick              |     7 |     3 ||    10
Invok: Berserk           |     1 |       ||     1
       Trog's Hand       |     1 |       ||     1
  Eat: Chunk             |     2 |     1 ||     3
       Ration            |       |     1 ||     1
Armor: Animal skin       |    42 |       ||    42
       Ring mail         |       |     6 ||     6
Dodge: Dodged            |   101 |    14 ||   115
